 Dungeon Crawl Stone Soup version 0.31-b1-22-gc680215f68 (webtiles) character file.

Game seed: 1807389490809828254

86 Arctor the Shooter (level 4, -1/26 HPs)
             Began as a Kobold Hexslinger on Jan 19, 2024.
             Slain by a gnoll
             ... wielding a +0 spear
              (7 damage)
             ... on level 2 of the Dungeon.
             The game lasted 00:01:26 (1713 turns).

Arctor the Shooter (Kobold Hexslinger)              Turns: 1713, Time: 00:01:26

Health: -1/26      AC:  2    Str:  5    XL:     4   Next: 78%
Magic:  5/7        EV: 16    Int: 14    God:
Gold:   39         SH:  0    Dex: 19    Spells: 5/7 levels left

rFire   . . .        a - +1 sling
rCold   . . .        (no shield)
rNeg    . . .        c - +0 robe
rPois   .            (no helmet)
rElec   .            (no cloak)
rCorr   .            (no gloves)
SInv    .            (no boots)
Will    .....        (no amulet)
Stlth   +++          (no ring)
HPRegen 0.24/turn    (no ring)
MPRegen 0.10/turn

%: no passive effects
@: weak-willed
A: small, no large weapons, nightstalker 3
a: no special abilities


You were on level 2 of the Dungeon.
You visited 1 branch of the dungeon, and saw 2 of its levels.

You collected 39 gold pieces.

Inventory:

Hand Weapons
 a - a +1 sling (weapon)
 e - a +0 short sword of protection
Missiles
 h - 3 poisoned darts
Armour
 c - a +0 robe (worn)
Jewellery
 f - a ring of resist corrosion
Scrolls
 b - a scroll of poison
 g - a scroll of identify {unknown}
Potions
 d - a potion of berserk rage {unknown}
 i - a potion of magic {unknown}
 j - a potion of heal wounds {unknown}


   Skills:
 + Level 2.0 Fighting
 + Level 3.5 Ranged Weapons
 + Level 3.1 Dodging
 + Level 2.0 Spellcasting
 + Level 3.3 Hexes
 + Level 1.8 Fire Magic


You had 5 spell levels left.
You knew the following spells:

 Your Spells              Type           Power      Damage    Failure   Level
a - Jinxbite              Hex            20%        N/A       9%          2

Your spell library contained the following spells:

 Spells                   Type           Power      Damage    Failure   Level
 Sigil of Binding         Hex            10%        N/A       19%         3
 Inner Flame              Hex/Fire       8%         N/A       24%         3
 Cause Fear               Hex            5%         N/A       52%         4
 Dimensional Bullseye     Hex/Tloc       3%         N/A       75%         4


Dungeon Overview and Level Annotations

Branches:
Dungeon (2/15)

Altars:


Innate Abilities, Weirdness & Mutations

You are small and have problems with some larger weapons.
You are completely attuned to the shadows.


Message History

HP restored.
You climb downwards.
The gnoll hits you with a +0 spear.
There is a stone staircase leading up, spattered with blood here.
Casting: Jinxbite (safe; 9% risk of failure)
Confirm with . or Enter, or press ? or * to list all spells.
You beckon some vexing sprites to accompany your attacks.
You feel your willpower being sapped. The gnoll completely misses you.
You shoot a sling bullet. The sling bullet hits the gnoll.
The gnoll is lightly wounded.
The gnoll barely misses you. The gnoll misses you.
You shoot a sling bullet. The sling bullet hits the gnoll.
The gnoll is moderately wounded.
A giggling sprite leaps out and bonks the gnoll with its +0 spear.
The gnoll is almost dead.
You shoot a sling bullet. The sling bullet hits the gnoll.
The gnoll is lightly wounded.
A giggling sprite leaps out and makes the gnoll trip over its own feet.
The gnoll is moderately wounded.
The jinxing sprites lose interest in you.
The gnoll hits you from afar with a +0 spear.
You shoot a sling bullet. The sling bullet hits the gnoll.
The gnoll is almost dead.
The gnoll hits you with a +0 whip. The gnoll closely misses you.
You shoot a sling bullet.
The sling bullet hits the gnoll but does no damage.
The gnoll is almost dead.
You hear a shout!
The gnoll seems less drained. x2
A gnoll comes into view. It is wielding a +0 spear.
The gnoll hits you with a +0 whip. The gnoll misses you.
The gnoll completely misses you.
The gnoll hits you from afar with a +0 spear!
You hear a shout!
You shoot a sling bullet. The sling bullet hits the gnoll.
You kill the gnoll!
The gnoll hits you from afar with a +0 spear.
* * * LOW HITPOINT WARNING * * *
Your Fighting skill increases to level 2!
The gnoll hits you from afar with a +0 spear!
You die...

...........###......#.#
.###.#.###..#..##...#.#
.# #.#....##.##.....#.#
.# #.#####.###.###..#.#
. #.######.#.##
#..#[### #<........##
#....... #########.#
##.#.###
.....######.#.#
####.ggg@<..#.#
#.########.# #.# #.#
#g# #.# #.# #.#
#..g..gg


You could see 3 gnolls.

Vanquished Creatures
  3 gnolls
  An adder (D:2)
  A dart slug (D:1)
  2 ball pythons (D:1)
  8 endoplasms
  2 giant cockroaches (D:1)
  5 goblins
  4 hobgoblins
  3 jackals (D:2)
  A quokka (D:2)
  2 bats (D:1)
  3 frilled lizards
  5 kobolds (D:1)
  4 rats
44 creatures vanquished.

Notes
Turn   | Place    | Note
-------+----------+-------------------------------------------
     0 | D:1      | Arctor the Kobold Hexslinger began the quest for the Orb.
     0 | D:1      | Reached XP level 1. HP: 12/12 MP: 2/2
   163 | D:1      | Reached XP level 2. HP: 16/16 MP: 3/3
   172 | D:1      | Learned a level 2 spell: Jinxbite
   485 | D:1      | Reached XP level 3. HP: 20/20 MP: 5/5
  1341 | D:2      | Reached XP level 4. HP: 24/26 MP: 6/6
  1713 | D:2      | Slain by a gnoll

Illustrated notes

Levels and vault maps discovered:
D:1:      reono_arrival_forest_river, layout_basic, minmay_misc_feat_tower
D:2:      layout_loops_ring, serial_shops, nicolae_shop_rolling_square,
          shop_fountains, uniq_crazy_yiuf_cottage

Skill      XL: |  1  2  3  4 |
---------------+-------------+-----
Ranged Weapons | 3 |  3.5
Dodging        | 3 |  3.1
Spellcasting   | 2 |  2.0
Fighting       | 2 |  2.0
Hexes          | |  3.3
Fire Magic     | |  1.8

Action                     |  1- 3 |  4- 6 || total
---------------------------+-------+-------++-------
   Fire: Sling             |    82 |    30 ||   112
   Cast: Jinxbite          |     1 |     6 ||     7
 Armour: Robe              |    12 |    25 ||    37
  Dodge: Dodged            |    39 |    37 ||    76
